 Dungeon Crawl Stone Soup version 0.27-a0-1557-g57f10a385c (webtiles) character file.

Game seed: 16785445767632191909

242 dolemite99 the Twirler (level 5, 0/46 HPs)
             Began as a Minotaur Gladiator on July 16, 2021.
             Killed from afar by an orc wizard (13 damage)
             ... with a puff of flame
             ... on level 3 of the Dungeon.
             The game lasted 00:02:36 (1792 turns).

dolemite99 the Twirler (Minotaur Gladiator)         Turns: 1792, Time: 00:02:37

Health: 0/46       AC:  3    Str: 20    XL:     5   Next: 81%
Magic:  4/4        EV: 12    Int:  5    God:
Gold:   83         SH:  0    Dex: 11    Spells: 4/4 levels left

rFire    . . .     SeeInvis .   n - +0 dagger (elec)
rCold    . . .     Faith    .   (no shield)
rNeg     . . .     Spirit   .   b - +0 leather armour
rPois    .         Reflect  .   c - +0 hat
rElec    .         Harm     .   (no cloak)
rCorr    .         Rampage  .   (no gloves)
Will     .....                  (no boots)
Stlth    +.........             (no amulet)
HPRegen  0.15/turn              (no ring)
MPRegen  0.09/turn              (no ring)

@: flying
A: horns 2, retaliatory headbutt
a: no special abilities


You were on level 3 of the Dungeon.
You visited 1 branch of the dungeon, and saw 3 of its levels.

You collected 83 gold pieces.

Inventory:

Hand Weapons
 a - a +0 quarterstaff
 k - a +1 short sword of venom
 n - a +0 dagger of electrocution (weapon)
Missiles
 d - 2 throwing nets (quivered)
 j - 7 boomerangs
Armour
 b - a +0 leather armour (worn)
 c - a +0 hat (worn)
 i - a +0 buckler
Scrolls
 e - a scroll of enchant armour {unknown}
 f - a scroll of vulnerability {unknown}
 g - a scroll of amnesia {unknown}
 h - 3 scrolls of identify {unknown}
 m - a scroll of enchant weapon {unknown}
 o - a scroll of noise {unknown}


   Skills:
 + Level 4.2 Fighting
 - Level 3.6 Short Blades
 - Level 5.7 Staves
 - Level 2.0 Throwing
 - Level 3.2 Dodging


You had 4 spell levels left.
You didn't know any spells.
Your spell library was empty.

Dungeon Overview and Level Annotations

Branches:
Dungeon (3/15)

Altars:
Gozag


Innate Abilities, Weirdness & Mutations

You have a pair of horns on your head.
You reflexively headbutt those who attack you in melee.


Message History

Training target 3.6 for Short Blades reached!
You need to enable at least one skill for training.
Your Fighting skill gained 2 levels and is now at level 4!
You have reached level 4!
You feel stronger.
You have reached level 5!
You completely miss the orc. You headbutt the orc.
The orc is lightly wounded.
You closely miss the orc.
The orc is lightly wounded.
The orc misses you.
You completely miss the orc.
The orc is lightly wounded.
The orc hits you but does no damage.
You closely miss the orc.
The orc is lightly wounded.
The orc wizard mumbles some strange words.
The orc wizard flickers and vanishes!
Deactivating autopickup; reactivate with Ctrl-A.
The orc hits you but does no damage.
You hit the orc. You headbutt the orc.
You kill the orc!
Something hits you.
You see here a +0 dagger.
You closely miss something. You headbutt something.
Something hits you but does no damage. The orc hits you with a +0 flail.
You closely miss something. Something hits you.
You hit something but do no damage. The orc hits you with a +0 flail!
Something hits you.
* * * LOW HITPOINT WARNING * * *
It was a potion of curing.
You feel better. The orc hits you with a +0 flail. Something hits you.
* * * LOW HITPOINT WARNING * * *
It was a potion of flight.
You feel very buoyant.
You fly up into the air.
The orc closely misses you.
You hear some strange, mumbled words.
A puff of flame appears from out of thin air!
The puff of flame hits you!
You die...

###....#
#...##.#
#.####.###
#.##.....##
#^#.8...8.# ##.
#.#.......#....
#....._.....#
###.......###
#.8..@8.#
##..o{.##
###.### ...
#... ... #.#.
....


You could see an orc.

Vanquished Creatures
  Grinder (D:3)
  Robin (D:2)
  An adder (D:2)
  A worm (D:2)
  A dart slug (D:2)
  An orc (D:3)
  3 ball pythons (D:1)
  A giant cockroach (D:3)
  15 goblins
  3 hobgoblins (D:2)
  3 kobolds
  2 frilled lizards
  3 rats
36 creatures vanquished.

Notes
Turn   | Place    | Note
-------+----------+-------------------------------------------
     0 | D:1      | dolemite99 the Minotaur Gladiator began the quest for the
                  | Orb.
     0 | D:1      | Reached XP level 1. HP: 18/18 MP: 0/0
   187 | D:1      | Reached skill level 4 in Staves
   485 | D:1      | Reached XP level 2. HP: 25/25 MP: 1/1
   805 | D:2      | Reached skill level 5 in Staves
  1096 | D:2      | Reached XP level 3. HP: 28/30 MP: 2/2
  1097 | D:2      | Identified the +1 helmet of Satisfaction {Fly}
  1097 | D:2      | Noticed Robin
  1242 | D:2      | Found a faded altar of an unknown god.
  1274 | D:2      | Killed Robin
  1765 | D:3      | Found an opulent altar of Gozag.
  1767 | D:3      | Noticed Grinder
  1781 | D:3      | Killed Grinder
  1782 | D:3      | Reached XP level 4. HP: 24/40 MP: 3/3
  1782 | D:3      | Reached XP level 5. HP: 28/46 MP: 4/4
  1792 | D:3      | Killed from afar by an orc wizard

Illustrated notes

Levels and vault maps discovered:
D:1:      mrwooster_arrival_statue_3, layout_loops_cross, feat_on_display
D:2:      layout_rooms, ebering_ecumenical_altar_rust, grunt_ministairs_10,
          uniq_robin
D:3:      layout_loops_corners, grunt_gozag_statues, kennysheep_generic_room_9,
          uniq_grinder

Skill      XL: |  1  2  3 |
---------------+----------+-----
Staves         | 4 5 |  5.7
Short Blades   | 3 |  3.6
Fighting       | 4 |  4.2
Throwing       | |  2.0
Dodging        | |  3.2

Action                   |  1- 3 |  4- 6 || total
-------------------------+-------+-------++-------
Melee: Quarterstaff      |    31 |       ||    31
       Headbutt          |    11 |     3 ||    14
       Dagger            |    19 |     8 ||    27
       Short sword       |    12 |       ||    12
Throw: Throwing net      |     1 |       ||     1
  Use: Potion            |       |     2 ||     2
 Stab: Held in net/web   |     2 |       ||     2
Armor: Leather armour    |    10 |     3 ||    13
Dodge: Dodged            |    28 |     2 ||    30

Table legend: (Time is in decaauts)
 A = Elapsed time spent in this place.
 B = Non-inter-level travel time spent in this place.
 C = Inter-level travel time spent in this place.
 D = Time resting spent in this place.
 E = Time spent auto-exploring this place.
 F = Levels seen in this place.
 G = Mean time per level.
                   A        B        C        D        E       F      G
               +--------+--------+--------+--------+--------+-----+--------+
         Total |   1792 |   1714 |     78 |    452 |   1021 |   3 |  597.3 |
       Dungeon |   1792 |   1714 |     78 |    452 |   1021 |   3 |  597.3 |
               +--------+--------+--------+--------+--------+-----+--------+

Top non-repeatable levels by time:
     D:2: 957 daAuts
     D:1: 731 daAuts
     D:3: 103 daAuts
